 Dungeon Crawl Stone Soup version 0.32-a0-630-g46d191b0ed (webtiles) character file.

Game seed: 5879237851489004461

5908 Alarak the Cleaver (level 11, -3/81 HPs)
             Began as a Formicid Fighter on Mar 7, 2024.
             Was a Believer of Cheibriados.
             Killed from afar by a gargoyle (14 damage)
             ... with a stone arrow
             ... on level 9 of the Dungeon.
             The game lasted 00:15:18 (7253 turns).

Alarak the Cleaver (Formicid Fighter)               Turns: 7253, Time: 00:15:19

Health: -3/81      AC: 17    Str: 28    XL:     11   Next: 8%
Magic:  0/11       EV:  7    Int: 18    God:    Cheibriados [**....]
Gold:   237        SH:  6    Dex: 17    Spells: 10/10 levels left

rFire   . . .        n - +0 hand axe (venom)
rCold   x . .        c - +0 buckler
rNeg    . . .        y - +0 plate armour
rPois   .            (helmet unavailable)
rElec   .            D - +1 cloak {rCorr}
rCorr   +            x - +0 pair of gloves "Kaitoech" {rC- Int+5 Slay+3}
SInv    +            k - +0 pair of boots
Will    ++...        q - amulet of guardian spirit Stlth
                     i - ring of willpower
HPRegen 0.33/turn    (no ring)
MPRegen 0.12/turn

%: guardian spirit
@: very slow
A: permanent stasis, dig shafts and tunnels, antennae 3, four strong arms
a: Dig, Shaft Self, Renounce Religion, Bend Time


You were on level 9 of the Dungeon.
You worshipped Cheibriados.
Cheibriados was pleased with you.
You visited 1 branch of the dungeon, and saw 9 of its levels.

You collected 503 gold pieces.
You spent 266 gold pieces at shops.

Inventory:

Hand Weapons
 a - a +1 war axe
 l - a +2 heavy hand axe
 n - a +0 hand axe of venom (weapon)
Missiles
 h - 4 throwing nets
Armour
 c - a +0 buckler (worn)
 k - a +0 pair of boots (worn)
 x - the +0 pair of gloves "Kaitoech" (worn) {rC- Int+5 Slay+3}
   (You bought it in a shop on level 5 of the Dungeon)

   Int+5:     It affects your intelligence (+5).
   Slay+3:    It affects your accuracy & damage with ranged weapons and melee
   (+3).
   rC-:       It makes you vulnerable to cold.
 y - a +0 plate armour (worn)
 z - a +2 cloak
 D - a +1 cloak of preservation (worn)
Jewellery
 i - a ring of willpower (left hand)
 q - an amulet of guardian spirit (around neck)
Wands
 b - a wand of iceblast (5)
 j - a wand of mindburst (16)
 m - a wand of light (13)
 s - a wand of flame (26)
 u - a wand of charming (27)
Scrolls
 e - 2 scrolls of poison
 f - a scroll of revelation
 o - 6 scrolls of teleportation
 p - 2 scrolls of vulnerability
 v - a scroll of enchant weapon
 w - 2 scrolls of fear
 C - a scroll of identify
Potions
 d - 4 potions of might
 g - a potion of brilliance
 r - a potion of haste
 t - a potion of resistance
 A - a potion of attraction
 B - a potion of mutation
 E - 2 potions of curing
 F - 3 potions of heal wounds


   Skills:
 - Level 6.1 Fighting
 + Level 13.5 Axes
 - Level 6.5 Armour
 - Level 7.4 Shields


You had 10 spell levels left.
You didn't know any spells.
Your spell library contained the following spells:

 Spells                   Type           Power      Damage    Failure   Level
 Fugue of the Fallen      Necr           0%         N/A       100%        3
 Ozocubu's Armour         Ice            0%         N/A       100%        3
 Manifold Assault         Tloc           0%         N/A       100%        4


Dungeon Overview and Level Annotations

Branches:
Dungeon (9/15)             Temple (0/1) D:7            Lair (0/5) D:8
    Orc: D:9-12

Altars:
Cheibriados
Kikubaaqudgha
Wu Jian

Shops:
D:3 [   D:5 [


Innate Abilities, Weirdness & Mutations

You cannot be hasted, slowed, berserked, paralysed or teleported.
You can dig through walls and to a lower floor.
You have a pair of large antennae on your head. (SInv)
Your four strong arms can wield two-handed weapons with a shield.


Message History

The gargoyle hurls a stone arrow at you.
The stone arrow hits you!
You hit the boulder beetle but do no damage.
The boulder beetle looks as sick as possible!
The boulder beetle is heavily wounded.
You hit the gargoyle but do no damage. You hit the boulder beetle.
The boulder beetle is heavily wounded.
You hit the gargoyle but do no damage.
The gargoyle hurls a stone arrow at you.
The stone arrow hits you. The boulder beetle bites you!!
* * * LOW HITPOINT WARNING * * *
You hit the boulder beetle but do no damage.
The boulder beetle is severely wounded.
You hit the gargoyle but do no damage.
The boulder beetle bites you but does no damage.
You block the gargoyle's attack.
You feel much better.
The boulder beetle leaps!
The gargoyle hits you with a +1 mace of venom!
* * * LOW HITPOINT WARNING * * *
You hit the gargoyle but do no damage.
The gargoyle is lightly damaged.
You hit the gargoyle.
The gargoyle is moderately damaged.
The gargoyle hits you with a +1 mace of venom.
* * * LOW HITPOINT WARNING * * *
You kill the boulder beetle!
Cheibriados appreciates the change of pace.
You have reached level 11!
You hit the gargoyle but do no damage.
The gargoyle is moderately damaged.
The gargoyle hurls a stone arrow at you.
The stone arrow hits you!
* * * LOW HITPOINT WARNING * * *
You slash the gargoyle!
The gargoyle is heavily damaged.
The gargoyle hurls a stone arrow at you.
The stone arrow hits you!
You die...
Cheibriados appreciates the motionlessness of death.

# #. .... # #.#.#####
..... .(......#######
#.#.#
..............#####.#.##
........................
..#.###.#####.##....#.##
#.# #.####..#.## #.# #.#
##..#.## #.###@# #.#
#.......
#....9#########.###..#
.....#............ #...
.#.........!.†.... #.#.
#..##<...........###.#.
#. ...[#########.......
# .##... #####.## ..
#..$ #.# # #... #.#


You could see a gargoyle.

Vanquished Creatures
  A boulder beetle (D:9)
  Pikel (D:7)
  Maurice (D:7)
  14 yaks
  Menkaure (D:5)
  2 water moccasins (D:5)
  2 black bears (D:6)
  An ice beast (D:7)
  An orc warrior (D:5)
  2 sky beasts
  2 ogres (D:7)
  3 lemures (D:7)
  2 gnoll sergeants (D:8)
  A bullfrog (D:6)
  2 scorpions (D:4)
  3 wights (D:8)
  2 howler monkeys
  A bombardier beetle (D:3)
  Crazy Yiuf (D:6)
  2 jellies
  3 orc priests
  3 hounds
  2 sleepcaps
  Jessica (D:2)
  3 iguanas
  5 orc wizards
  Robin (D:2)
  9 adders
  13 gnolls
  A shadow imp (D:5)
  3 white imps
  4 ufetubi
  4 dart slugs
  A ribbon worm (D:2)
  31 orcs
  6 ball pythons
  6 endoplasms
  A giant cockroach (D:2)
  12 goblins
  8 hobgoblins
  2 jackals (D:4)
  7 kobolds
  2 quokkas (D:2)
  4 bats
  5 frilled lizards
  3 rats
185 creatures vanquished.

Notes
Turn   | Place    | Note
-------+----------+-------------------------------------------
     0 | D:1      | Alarak the Formicid Fighter began the quest for the Orb.
     0 | D:1      | Reached XP level 1. HP: 18/18 MP: 1/1
    57 | D:1      | Reached XP level 2. HP: 20/25 MP: 2/2
   761 | D:2      | Reached XP level 3. HP: 29/31 MP: 3/3
   796 | D:2      | Noticed Robin
   803 | D:2      | Killed Robin
   804 | D:2      | Reached skill level 5 in Fighting
   804 | D:2      | Reached XP level 4. HP: 32/39 MP: 4/4
   960 | D:2      | Noticed Jessica
   962 | D:2      | Killed Jessica
  1104 | D:2      | Found a faded altar of an unknown god.
  1192 | D:2      | Reached XP level 5. HP: 46/46 MP: 5/5
  1699 | D:3      | Reached skill level 5 in Shields
  1771 | D:3      | Reached XP level 6. HP: 52/52 MP: 6/6
  1800 | D:3      | Found Dyuj's Armour Shop.
  1876 | D:3      | Found an ornate altar of the Wu Jian Council.
  1876 | D:3      | Found a snail-covered altar of Cheibriados.
  1877 | D:3      | Found an ancient bone altar of Kikubaaqudgha.
  2573 | D:4      | Reached XP level 7. HP: 58/58 MP: 7/7
  2826 | D:5      | Entered Level 5 of the Dungeon
  2932 | D:5      | Reached skill level 5 in Armour
  3163 | D:5      | Noticed a water moccasin
  3164 | D:5      | Noticed Menkaure
  3174 | D:5      | Killed a water moccasin
  3178 | D:5      | Killed Menkaure
  3179 | D:5      | Reached XP level 8. HP: 9/64 MP: 1/8
  3504 | D:5      | Reached skill level 3 in Axes
  3811 | D:5      | Reached skill level 4 in Axes
  3864 | D:5      | Found Foazufot's Antique Armour Emporium.
  3868 | D:5      | Bought a pair of translucent gloves for 266 gold pieces
  3868 | D:5      | Identified the +0 pair of gloves "Kaitoech" {rC- Int+5
                  | Slay+3} (You bought it in a shop on level 5 of the Dungeon)
  4005 | D:6      | Reached skill level 5 in Axes
  4172 | D:6      | Reached skill level 6 in Axes
  4172 | D:6      | Reached XP level 9. HP: 65/69 MP: 7/9
  4719 | D:6      | Found a runed translucent door.
  4720 | D:6      | Noticed Crazy Yiuf
  4727 | D:6      | Killed Crazy Yiuf
  4850 | D:3      | Became a worshipper of Cheibriados the Contemplative
  4909 | D:5      | Reached skill level 7 in Axes
  5035 | D:7      | Found a staircase to the Ecumenical Temple.
  5120 | D:7      | Reached skill level 8 in Axes
  5143 | D:7      | Reached skill level 9 in Axes
  5144 | D:7      | HP: 3/69 [yak (12)]
  5294 | D:7      | Noticed Maurice
  5336 | D:7      | Killed Maurice
  5336 | D:7      | Reached * piety under Cheibriados
  5337 | D:7      | Reached skill level 10 in Axes
  5337 | D:7      | Reached XP level 10. HP: 24/76 MP: 2/10
  5515 | D:7      | Noticed Pikel
  5525 | D:7      | Killed Pikel
  5526 | D:7      | Reached skill level 11 in Axes
  6463 | D:8      | Found a staircase to the Lair.
  6467 | D:8      | Reached skill level 12 in Axes
  6624 | D:8      | Reached ** piety under Cheibriados
  6920 | D:8      | Identified the +3 chain mail "Joesar" {Will++ Int+2 Dex-2}
  7101 | D:9      | Reached skill level 13 in Axes
  7235 | D:9      | Noticed a boulder beetle
  7235 | D:9      | Noticed a gargoyle
  7251 | D:9      | Killed a boulder beetle
  7252 | D:9      | Reached XP level 11. HP: 21/81 MP: 3/11
  7253 | D:9      | Killed from afar by a gargoyle

Illustrated notes

Levels and vault maps discovered:
D:1:      dpeg_arrival_stonehenge_12_columns, layout_basic,
          minmay_stone_trees_large, nrook_mini_vaults, columned_hall_lemuel
D:2:      layout_loops_ring, basic_ecumenical_altar, minivault_14, uniq_robin,
          uniq_jessica
D:3:      layout_rooms, gammafunk_temple_overflow_forgotten, serial_shops, shop
D:4:      layout_cave_pools, serial_bayou, serial_bayou_lagoon_a,
          serial_bayou_lake_a, serial_bayou_pond_a, serial_bayou_crossing
D:5:      layout_loops_cross, serial_shops, nicolae_shop_back_alley_shop,
          nicolae_kite_square_tiling_tiny, uniq_menkaure
D:6:      layout_loops_cross, hex_large, nicolae_letterblocks
          [nicolae_letter_subblock, nicolae_letter_subblock,
          nicolae_letter_subblock, nicolae_letter_subblock,
          nicolae_letter_subblock, nicolae_letter_subblock,
          nicolae_letter_subblock, nicolae_letter_subblock,
          nicolae_letter_subblock, nicolae_letter_subblock,
          nicolae_letter_subblock, nicolae_letter_subblock,
          nicolae_letter_subblock, nicolae_letter_subblock,
          nicolae_letter_subblock, nicolae_letter_subblock,
          nicolae_letter_subblock, nicolae_letter_subblock,
          nicolae_letter_subblock, nicolae_letter_subblock,
          nicolae_letter_subblock, nicolae_letter_subblock,
          nicolae_letter_subblock, nicolae_letter_subblock,
          nicolae_letter_subblock], uniq_crazy_yiuf_cottage
D:7:      layout_basic, minmay_temple_entry_proselytizer, uniq_pikel,
          uniq_maurice
D:8:      layout_rooms, lair_entry_dummy, serial_glass, glass_columns_c,
          glass_columns_a, due_unseen_surprise, feat_on_display
D:9:      layout_basic, hiddenorc1_lemuel, nzn_sisyphean_effort

Skill      XL: |  1  2  3  4  5  6  7  8  9 10 |
---------------+-------------------------------+-----
Fighting       | 4 5 6 |  6.1
Shields        | 5 7 |  7.4
Armour         | 6 |  6.5
Axes           | 6 10 13 | 13.5

Action                     |  1- 3 |  4- 6 |  7- 9 | 10-12 || total
---------------------------+-------+-------+-------+-------++-------
  Melee: War axe           |    77 |    50 |    16 |       ||   143
         Hand axe          |       |    94 |   239 |   177 ||   510
Ability: Dig               |       |     3 |       |     2 ||     5
    Use: Scroll            |     4 |     5 |     5 |     4 ||    18
         Potion            |       |       |     6 |     1 ||     7
 Armour: Scale mail        |    69 |    87 |       |       ||   156
         Chain mail        |       |    11 |    68 |       ||    79
         Skin              |       |       |     1 |       ||     1
         Plate armour      |       |       |   139 |    95 ||   234
  Dodge: Dodged            |    34 |    78 |    90 |    31 ||   233
  Block: Buckler           |    20 |    42 |    66 |    30 ||   158

Table legend: (Time is in decaauts)
 A = Elapsed time spent in this place.
 B = Non-inter-level travel time spent in this place.
 C = Inter-level travel time spent in this place.
 D = Time resting spent in this place.
 E = Time spent auto-exploring this place.
 F = Levels seen in this place.
 G = Mean time per level.
                   A        B        C        D        E       F      G
               +--------+--------+--------+--------+--------+-----+--------+
         Total |   7847 |   7217 |    630 |    984 |   4850 |   9 |  871.9 |
       Dungeon |   7847 |   7217 |    630 |    984 |   4850 |   9 |  871.9 |
               +--------+--------+--------+--------+--------+-----+--------+

Top non-repeatable levels by time:
     D:5: 1330 daAuts
     D:7: 1313 daAuts
     D:8: 967 daAuts
     D:4: 907 daAuts
     D:6: 857 daAuts
     D:2: 725 daAuts
     D:1: 716 daAuts
     D:3: 652 daAuts
     D:9: 378 daAuts
